 Dungeon Crawl Stone Soup version 0.24-a0-347-g1a3e1d35ff (webtiles) character file.

Game seed: 15438810002535608268

4520 Gumption the Thrower (level 10, 0/98 HPs)
             Began as a Troll Hunter on May 23, 2019.
             Was a Priest of Okawaru.
             Slain by a hippogriff (2 damage)
             ... on level 8 of the Dungeon.
             The game lasted 00:50:33 (8288 turns).

Gumption the Thrower (Troll Hunter)                 Turns: 8288, Time: 00:50:34

Health: 0/98       AC:  7    Str: 24    XL:     10   Next: 17%
Magic:  9/9        EV: 13    Int:  7    God:    Okawaru [***...]
Gold:   741        SH:  0    Dex: 11    Spells: 9/9 levels left

rFire    + . .     SeeInvis .   a - +1 whip (elec)
rCold    + . .     Gourm    +   (no shield)
rNeg     . . .     Faith    .   b - +1 robe
rPois    .         Spirit   .   (helmet restricted)
rElec    .         Reflect  .   x - scarf {rC+ rF+}
rCorr    .         Harm     .   (gloves unavailable)
MR       .....                  (boots unavailable)
Stlth    +.........             E - amulet of rage
HPRegen  0.66/turn              (no ring)
MPRegen  0.11/turn              (no ring)

@: no status effects
A: large, unfitting armour, claws 3, fast metabolism 3, gourmand, regeneration
1, shaggy fur 1, tough skin 3
a: Heroism, Renounce Religion, Evoke Berserk Rage


You were on level 8 of the Dungeon.
You worshipped Okawaru.
Okawaru was most pleased with you.
You were very full.

You visited 1 branch of the dungeon, and saw 8 of its levels.
You also visited: Ossuary.

You collected 780 gold pieces.
You spent 39 gold pieces at shops.

Inventory:

Hand Weapons
 a - a +1 whip of electrocution (weapon)
Missiles
 c - 10 large rocks
 d - 3 throwing nets
 i - 3 curare-tipped darts
 k - 43 sling bullets
 m - a boomerang
 w - 385 stones
 z - 7 atropa-tipped darts
 A - 27 poisoned darts (quivered)
 G - 6 silver boomerangs
Armour
 b - a +1 robe (worn)
 x - a scarf of resistance (worn)
Jewellery
 E - an amulet of rage (around neck)
Wands
 y - a wand of enslavement (13)
 C - a wand of digging (3)
 I - a wand of paralysis (5)
Scrolls
 f - a scroll of identify
 n - 2 scrolls of enchant armour
 p - 8 scrolls of remove curse
 r - 2 scrolls of fog
 t - a scroll of random uselessness {unknown}
 u - a scroll of magic mapping
Potions
 g - a potion of invisibility
 h - a potion of curing
 j - 3 potions of resistance
 l - a potion of magic
 q - a potion of heal wounds
 s - a potion of brilliance
 v - a potion of agility
 B - a potion of might
 D - 2 potions of lignification
 F - 2 potions of haste
Comestibles
 e - 9 rations
 o - 2 chunks of flesh


   Skills:
 + Level 5.7 Fighting
 * Level 9.4 Throwing
 * Level 8.1 Dodging
 - Level 0.3 Stealth


You had 9 spell levels left.
You didn't know any spells.
Your spell library contained the following spells:

 Spells                   Type           Power        Failure   Level  Hunger
 Animate Skeleton         Necr           N/A          43%         1    ##.....
 Apportation              Tloc           #.....       43%         1    ##.....
 Confusing Touch          Hex            #.....       43%         1    ##.....
 Magic Dart               Conj           #...         43%         1    ##.....
 Summon Small Mammal      Summ           #...         43%         1    ##.....
 Blink                    Tloc           N/A          56%         2    ###....
 Call Imp                 Summ           #.......     56%         2    ###....
 Slow                     Hex            #.......     56%         2    ###....
 Conjure Flame            Conj/Fire      #.......     80%         3    ####...
 Mephitic Cloud           Conj/Pois/Air  #.......     80%         3    ####...
 Malign Gateway           Summ/Tloc      #.........   100%        7    #######
 Monstrous Menagerie      Summ           #.........   100%        7    #######
 Summon Greater Demon     Summ           #.........   100%        7    #######
 Summon Horrible Things   Summ           #.........   100%        8    #######


Dungeon Overview and Level Annotations

Branches:
Dungeon (8/15)             Temple (0/1) D:5
   Lair: D:8-11

Altars:
Okawaru

Shops:
D:4 *


Innate Abilities, Weirdness & Mutations

You are too large for most types of armour.
You have claws for hands.
Your metabolism is lightning-fast.
You like to eat raw meat.
Your natural rate of healing is unusually fast.
You are covered in fur. (AC +1)
You have extremely tough skin. (AC +3)


Message History

The hippogriff is moderately wounded.
The hippogriff bites you.
* * * LOW HITPOINT WARNING * * *
The hippogriff pecks you.
* * * LOW HITPOINT WARNING * * *
The hippogriff claws you.
* * * LOW HITPOINT WARNING * * *
You hit the hippogriff.
The hippogriff is moderately wounded.
The hippogriff closely misses you. The hippogriff completely misses you.
The hippogriff claws you.
* * * LOW HITPOINT WARNING * * *
The hippogriff closely misses you. The hippogriff pecks you!
* * * LOW HITPOINT WARNING * * *
The hippogriff claws you.
* * * LOW HITPOINT WARNING * * *
You hit the hippogriff.
The hippogriff is heavily wounded.
The hippogriff bites you.
You die...

#......≈P≈*≈≈≈≈,,*,,#.....
#.....+*♣≈≈≈≈≈,,,*,,+.....
#....<#,♣≈♣♣≈,,,,*,,#.....
*****##...##*#≈≈≈######+##.....
*,,,,,#...#**,#............####
*,,,,,#...$,,,#............'...
*,,,,,+....,,,#............#...
*,,,,,###'#####...(........###'
*****,,......)@(##'#####+#.....
**≈≈≈.....H..#...+,,,,#.....
*≈≈≈≈........#...#,,,,#[....
**≈≈≈^.......#...#,,,,#.....
*,,.........##.##,**,#.....
***#####.....***********###
#.....* *,,,,,*,, #.....#
*,,,,,+,, *,,,,,* *,,,,,*,,


You could see a hippogriff.

Vanquished Creatures
  Pikel (D:4)
  Grinder (D:4)
  A hungry ghost (D:7)
  Menkaure (D:6)
  A water moccasin (D:6)
  An ogre (D:4)
  3 slaves
  An eye of draining (D:4)
  An orc warrior (D:7)
  3 sky beasts
  2 ice beasts (D:7)
  2 centaurs (D:8)
  5 big kobolds (D:3)
  An elf zombie (Ossuary)
  Blork the orc (D:6)
  A gnoll sergeant (D:8)
  3 bullfrogs
  A scorpion (D:4)
  5 killer bees (D:8)
  7 howler monkeys
  3 crimson imps
  A centaur zombie (Ossuary)
  A bullfrog zombie (D:8)
  3 hounds
  A jelly (D:5)
  2 orc priests
  3 iguanas
  3 orc wizards
  8 worker ants
  2 big kobold zombies (Ossuary)
  A hound zombie (D:5)
  A hound skeleton (D:4)
  2 mummies (Ossuary)
  A howler monkey zombie (D:7)
  17 gnolls
  18 adders
  A white imp (D:6)
  2 oozes (D:2)
  An adder skeleton (D:5)
  6 worms
  8 leopard geckos
  17 orcs
  A ball python (D:2)
  6 bats
  8 giant cockroaches
  A gnoll zombie (Ossuary)
  11 goblins
  7 hobgoblins
  9 jackals
  6 quokkas
  6 frilled lizards
  A goblin zombie (Ossuary)
  6 hobgoblin zombies (Ossuary)
  45 kobolds
  A leopard gecko skeleton (D:6)
  2 orc zombies (Ossuary)
  5 rats
259 creatures vanquished.

Notes
Turn   | Place    | Note
-------+----------+-------------------------------------------
     0 | D:1      | Gumption the Troll Hunter began the quest for the Orb.
     0 | D:1      | Reached XP level 1. HP: 19/19 MP: 0/0
    88 | D:1      | Reached XP level 2. HP: 20/28 MP: 1/1
   442 | D:1      | Reached skill level 4 in Throwing
   499 | D:1      | Reached XP level 3. HP: 35/35 MP: 2/2
  1054 | D:2      | Reached XP level 4. HP: 42/42 MP: 3/3
  1560 | D:3      | Found an iron altar of Okawaru.
  1791 | D:3      | Noticed a big kobold
  1791 | D:3      | Noticed a big kobold
  1791 | D:3      | Noticed a big kobold
  1791 | D:3      | Noticed a big kobold
  1802 | D:3      | Killed a big kobold
  1802 | D:3      | Reached XP level 5. HP: 43/50 MP: 4/4
  1830 | D:3      | HP: 2/50 [big kobold (2)]
  1831 | D:3      | Reached skill level 5 in Throwing
  1831 | D:3      | Reached XP level 6. HP: 3/59 MP: 5/5
  1835 | D:3      | HP: 1/59 [big kobold (5)]
  2157 | D:3      | Reached XP level 7. HP: 67/67 MP: 6/6
  2646 | D:3      | Became a worshipper of Warmaster Okawaru
  2991 | D:4      | Reached skill level 6 in Throwing
  3026 | D:4      | Found Madghimm's General Store.
  3101 | D:4      | Bought a potion of curing for 39 gold pieces
  3175 | D:4      | Reached * piety under Okawaru
  3292 | D:4      | Noticed Pikel
  3324 | D:4      | Reached skill level 5 in Dodging
  3627 | D:4      | Killed Pikel
  3627 | D:4      | Reached ** piety under Okawaru
  3627 | D:4      | Reached skill level 7 in Throwing
  3627 | D:4      | Reached XP level 8. HP: 32/78 MP: 7/7
  3914 | D:5      | Entered Level 5 of the Dungeon
  3915 | D:5      | Noticed Grinder
  3917 | D:5      | Paralysed by Grinder for 4 turns
  3942 | D:4      | Killed Grinder
  4472 | D:5      | Found a staircase to the Ecumenical Temple.
  4553 | D:5      | Reached XP level 9. HP: 85/85 MP: 8/8
  5153 | D:6      | Noticed Blork the orc
  5167 | D:6      | Killed Blork the orc
  5167 | D:6      | Reached skill level 8 in Throwing
  5575 | D:6      | Noticed Menkaure
  5583 | D:6      | Killed Menkaure
  5583 | D:6      | Reached *** piety under Okawaru
  5620 | D:6      | Reached skill level 5 in Fighting
  5945 | D:6      | Received a gift from Okawaru
  7237 | D:8      | Found a sand-covered staircase.
  7247 | Ossuary  | Entered an ossuary
  7257 | Ossuary  | Reached skill level 9 in Throwing
  7585 | D:8      | HP: 5/132 [killer bee (3)]
  7731 | D:8      | Reached XP level 10. HP: 96/96 MP: 9/9
  7872 | D:8      | Received a gift from Okawaru
  8287 | D:8      | HP: 1/98 [hippogriff (4)]
  8288 | D:8      | Slain by a hippogriff

Levels and vault maps discovered:
D:1:      matt_arrival_grand_opening, layout_basic
D:2:      layout_loops_ring
D:3:      minmay_goblin_kobold_castle, layout_loops_corners,
          okawaru_altar_gauntlet_db
D:4:      layout_cave_pools, serial_shops, nicolae_shop_waterfront,
          first_ration, minmay_small_thing, uniq_pikel
D:5:      layout_loops_ring, temple_fountains, uniq_grinder
D:6:      layout_gridville, minmay_fire_ice_demons, uniq_blork_the_orc,
          uniq_menkaure
D:7:      layout_layer_cave
D:8:      layout_gridville, enter_ossuary_1, serial_bayou, serial_bayou_shore_b,
          serial_bayou_pond_e, serial_bayou_pond_a, serial_bayou_lake_a,
          serial_bayou_pond_d, grunt_livestock, cheibrodos_ashenzari_chains

Skill      XL: |  1  2  3  4  5  6  7  8  9 10 |
---------------+-------------------------------+-----
Dodging        | 2 3 4 5 6 7 8 |  8.1
Throwing       | 4 5 7 9 |  9.4
Fighting       | 2 3 4 5 |  5.7
Stealth        | |  0.3

Action                   |  1- 3 |  4- 6 |  7- 9 | 10-12 || total
-------------------------+-------+-------+-------+-------++-------
Melee: Short sword       |   103 |       |       |       ||   103
       War axe           |    34 |       |    12 |       ||    46
       Hand axe          |       |    86 |   265 |       ||   351
       Whip              |       |       |   268 |    70 ||   338
Throw: Boomerang         |    26 |    72 |    85 |     6 ||   189
       Stone             |       |       |    26 |       ||    26
       Dart              |       |       |    49 |    17 ||    66
       Large rock        |       |       |     1 |     6 ||     7
Invok: Heroism           |       |       |     2 |     1 ||     3
  Use: Potion            |       |     3 |     4 |       ||     7
       Scroll            |       |     2 |    16 |       ||    18
 Stab: Sleeping          |     1 |       |       |       ||     1
  Eat: Chunk             |    16 |     7 |    64 |     4 ||    91
       Ration            |       |       |     1 |       ||     1
Armor: Robe              |    80 |    40 |   152 |    28 ||   300
       Skin              |       |       |    71 |       ||    71
Dodge: Dodged            |   112 |    86 |   431 |    54 ||   683

Table legend:
 A = Non-vault XP
 B = Vault XP
 C = Vault XP percentage of total XP
 D = Non-vault monster count
 E = Vault monster count
 F = Vault count percentage of total count
                 A         B        C        D         E       F
            +---------+---------+-------+---------+---------+-------
      Total |    4148 |    2310 |  35.8 |     182 |      74 |  28.9
            +---------+---------+-------+---------+---------+-------
        D:1 |      48 |       0 |   0.0 |      29 |       0 |   0.0
        D:2 |      72 |       0 |   0.0 |      18 |       0 |   0.0
        D:3 |      54 |     597 |  91.7 |      15 |      50 |  76.9
        D:4 |     509 |    1133 |  69.0 |      32 |       4 |  11.1
        D:5 |     475 |       0 |   0.0 |      17 |       0 |   0.0
        D:6 |     530 |     337 |  38.9 |      21 |       4 |  16.0
        D:7 |    1104 |       0 |   0.0 |      21 |       0 |   0.0
        D:8 |    1356 |       0 |   0.0 |      29 |       0 |   0.0
    Ossuary |       0 |     243 | 100.0 |       0 |      16 | 100.0
            +---------+---------+-------+---------+---------+-------
